 Dungeon Crawl Stone Soup version 0.31.0-4-g52a2dc7128 (webtiles) character file.

Game seed: 746915005363454268

13711 Leszczynek the Dealer of Despair (level 11, 0/81 HPs)
             Began as a Vampire Fire Elementalist on Jan 22, 2024.
             Was an Elder of Kikubaaqudgha.
             Slain by an ettin
             ... wielding a +0 dire flail
              (41 damage)
             ... on level 2 of the Orcish Mines.
             The game lasted 01:28:30 (13196 turns).

Leszczynek the Dealer of Despair (VpFE)            Turns: 13196, Time: 01:28:30

Health: 0/81       AC: 11    Str:  7    XL:     11   Next: 79%
Magic:  7/19       EV: 13    Int: 22    God:    Kikubaaqudgha [****..]
Gold:   566        SH:  5    Dex: 15    Spells: 1/20 levels left

rFire   + . .        c - +4 quarterstaff (spect)
rCold   . . .        (shield currently unavailable)
rNeg    . . .        H - +0 robe {Will+}
rPois   .            A - +0 helmet
rElec   .            g - +1 cloak
rCorr   .            k - +1 pair of gloves
SInv    +            (no boots)
Will    ++...        a - amulet of reflection
Stlth   ++           o - +4 ring of protection
HPRegen 0.53/turn    i - ring of protection from fire
MPRegen 0.16/turn

%: reflection
@: healing quickly
A: alive, fangs 3, see invisible, vampiric 2
a: Exsanguinate, Renounce Religion, Unearth Wretches


You were on level 2 of the Orcish Mines.
You worshipped Kikubaaqudgha.
Kikubaaqudgha was greatly pleased with you.
You visited 3 branches of the dungeon, and saw 14 of its levels.
You also visited: Ossuary and Bailey.

You collected 858 gold pieces.
You spent 292 gold pieces at shops.

Inventory:

Hand Weapons
 c - a +4 spectral quarterstaff (weapon)
 G - a +4 scimitar
 K - the +6 quarterstaff "Oviopa Siuf" {venom, rPois rN+}
   (You took it off an orc warrior on level 11 of the Dungeon)

   rPois:     It protects you from poison rN+: It protects you from negative
   energy.
Missiles
 q - 4 curare-tipped darts (quivered)
Armour
 g - a +1 cloak (worn)
 h - a +1 buckler of resistance
 k - a +1 pair of gloves (worn)
 A - a +0 helmet (worn)
 C - +1 acid dragon scales
 H - a +0 robe of willpower (worn)
Jewellery
 a - an amulet of reflection (around neck)
 i - a ring of protection from fire (right hand)
 o - a +4 ring of protection (left hand)
Wands
 l - a wand of paralysis (4)
 r - a wand of polymorph (11)
 y - a wand of flame (35)
Scrolls
 j - 2 scrolls of revelation
 m - 4 scrolls of teleportation
 s - 4 scrolls of poison
 t - 3 scrolls of fog
 v - 2 scrolls of blinking
 B - 3 scrolls of fear
 L - a scroll of butterflies
Potions
 b - 4 potions of magic
 d - a potion of resistance {unknown}
 e - 6 potions of curing {@q1}
 f - 2 potions of ambrosia
 n - 3 potions of brilliance
 p - 6 potions of haste
 u - 3 potions of cancellation
 w - 5 potions of heal wounds {@q2}
 x - 5 potions of enlightenment
 z - 5 potions of might
 D - a potion of attraction {unknown}
 E - 2 potions of invisibility
 F - 2 potions of lignification {!q}
 J - a potion of mutation {unknown}


   Skills:
 - Level 6.2 Fighting
 - Level 1.1(3.1) Short Blades
 + Level 4.2(4.3) Long Blades
 - Level 4.0 Staves
 - Level 4.0 Dodging
 - Level 3.0 Stealth
 - Level 5.3 Spellcasting
 - Level 5.1 Conjurations
 + Level 10.8 Necromancy
 - Level 6.0 Fire Magic
 + Level 6.9 Earth Magic


You had one spell level left.
You knew the following spells:

 Your Spells              Type           Power      Damage    Failure   Level
a - Foxfire               Conj/Fire      100%       2x1d9     1%          1
b - Scorch                Fire           64%        2d7       1%          2
c - Flame Wave            Conj/Fire      30%        2d9       10%         4
d - Vampiric Draining     Necr           52%        2d9       1%          3
e - Animate Dead          Necr           52%        N/A       1%          4
f - Borgnjor's Vile Clut  Necr/Erth      22%        N/A       7%          5

Your spell library contained the following spells:

 Spells                   Type           Power      Damage    Failure   Level
 Magic Dart               Conj           100%       1d8       1%          1
 Necrotise                Necr           100%       1d9       1%          1
 Sting                    Conj/Alch      68%        1d7       3%          1
 Apportation              Tloc           10%        N/A       10%         1
 Slow                     Hex            20%        N/A       10%         1
 Summon Small Mammal      Summ           20%        N/A       10%         1
 Sublimation of Blood     Necr           52%        N/A       1%          2
 Dispel Undead            Necr           52%        3d19      1%          4
 Cigotuvi's Dreadful Rot  Necr/Alch/Air  42%        N/A       3%          2
 Curse of Agony           Necr           52%        N/A       3%          5
 Momentum Strike          Conj/Tloc      34%        3d8       4%          2
 Inner Flame              Hex/Fire       19%        N/A       9%          3
 Volatile Blastmotes      Fire/Tloc      38%        2d13      9%          3
 Anguish                  Hex/Necr       14%        N/A       11%         4
 Blink                    Tloc           10%        N/A       14%         2
 Call Imp                 Summ           10%        N/A       14%         2
 Lesser Beckoning         Tloc           10%        N/A       14%         2
 Death Channel            Necr           26%        N/A       17%         6
 Confusing Touch          Hex            5%         N/A       28%         3
 Sigil of Binding         Hex            5%         N/A       28%         3
 Ignite Poison            Fire/Alch      19%        N/A       28%         4
 Freezing Cloud           Conj/Ice/Air   6%         6-21      80%         5
 Conjure Ball Lightning   Conj/Air       8%         3x3d6     99%         6
 Discord                  Hex            2%         N/A       100%        8
 Disjunction              Tloc           2%         N/A       100%        8


Dungeon Overview and Level Annotations

Branches:
Dungeon (11/15)            Temple (1/1) D:5            Lair (0/5) D:10
    Orc (2/2) D:11        Ossuary (visited)          Bailey (visited)
    Elf: Orc:2

Altars:
Ashenzari
Cheibriados
Dithmenos
Fedhas
Gozag
Hepliaklqana
Kikubaaqudgha
Makhleb
Nemelex Xobeh
Okawaru
Qazlal
Ru
Sif Muna
Trog
Uskayaw
Vehumet
Wu Jian
Xom
Yredelemnul

Shops:
D:2 [   D:7 *[

Annotations:
D:3 1 runed translucent door, Crazy Yiuf, Sigmund
D:4 Blork the orc
D:7 Joseph
D:10 exclusion: oklob plant, Josephine


Innate Abilities, Weirdness & Mutations

Your natural rate of healing is accelerated.
You have razor-sharp teeth.
You have supernaturally acute eyesight. (SInv)
You are afflicted with vampirism and can become a bat while bloodless.


Message History

The floor.
Enter note: wait, how does this slow work again?
Press: ? - help, v - describe, . - travel
Here: an ettin, wielding two +0 dire flails (lightly wounded, very poisoned, slow)
The floor.
Aiming: Paralyse
Press: ? - help, Shift-Dir - straight line, f/p - ettin
Aim: an ettin, wielding two +0 dire flails (lightly wounded, very poisoned, slow, chance to affect: 31%)
Okay, then.
Okay, then.
Casting: Foxfire (safe; 1% risk of failure)
Confirm with . or Enter, or press ? or * to list all spells.
Okay, then.
Okay, then.
Activating: Torment (0% risk of failure)
Press: ? - help, Dir - look around, f - activate Kikubaaqudgha torments the living!
Kikubaaqudgha partially shields you from torment!
Your body is wracked with pain!
The ettin convulses!
You can no longer invoke torment.
Casting: Foxfire (safe; 1% risk of failure)
Confirm with . or Enter, or press ? or * to list all spells.
Flames lash the ettin but do no damage.
Casting: Scorch (safe; 1% risk of failure)
Confirm with . or Enter, or press ? or * to list all spells.
Aiming: Vampiric Draining (safe; 1% risk of failure)
Press: ? - help, Shift-Dir - straight line, f - ettin
Aim: an ettin, wielding two +0 dire flails (severely wounded, poisoned, slow)
You draw life force from the ettin!
You feel life coursing into your body.
The ettin is no longer moving slowly.
Casting: Vampiric Draining (safe; 1% risk of failure)
Confirm with . or Enter, or press ? or * to list all spells.
Aiming: Vampiric Draining (safe; 1% risk of failure)
Press: ? - help, Shift-Dir - straight line, f/p - ettin
Aim: an ettin, wielding two +0 dire flails (severely wounded, poisoned)
You draw life force from the ettin.
You feel life coursing into your body.
The ettin hits you with a +0 dire flail!!!
Ouch! That really hurt!
You die...
Kikubaaqudgha rasps: "You have failed me!
Welcome... death!"

.. ### <...
#.##....#
##.@#.....
##..C.......
###...........
#.............
####..........
##
##......##...
#...#....####
##.
#.....<...#
#......<..#


You could see an ettin (poisoned).

Vanquished Creatures
  A centaur warrior (D:10)
  2 two-headed ogres
  Pikel (D:9)
  2 gargoyles
  An unseen horror (D:11)
  Maggie (D:9)
  Jeremiah (D:9)
  2 komodo dragons (D:11)
  Psyche (D:10)
  3 trolls
  A slime creature (D:10)
  2 shadows
  A vampire (Bailey)
  5 wraiths
  7 yaks
  A warg (D:11)
  An acid dragon (D:10)
  2 water moccasins
  3 sky beasts
  8 orc warriors
  An ice beast (D:8)
  2 ogres
  11 centaurs
  A weeping skull (Ossuary)
  A kobold brigand (D:10)
  A gnoll sergeant (D:5)
  2 scorpions (D:5)
  A burial acolyte (Ossuary)
  4 killer bees (D:8)
  2 howler monkeys
  7 vampire bats (Bailey)
  4 electric eels (D:11)
  6 wolf zombies (Bailey)
  3 bombardier beetles
  2 jellies
  2 human zombies (Ossuary)
  2 hounds
  12 orc priests
  4 iguanas
  3 sleepcaps
  14 orc wizards
  3 mummies
  9 gnolls
  11 adders
  A white imp (D:8)
  2 ufetubi (D:6)
  5 ribbon worms
  3 dart slugs
  75 orcs
  9 ball pythons
  5 endoplasms
  3 giant cockroaches (D:1)
  3 gnoll zombies (Ossuary)
  13 goblins
  8 hobgoblins
  3 jackals (D:1)
  9 kobolds
  6 quokkas
  3 bats
  3 kobold zombies (Ossuary)
  20 orc zombies (Bailey)
  7 rats
332 creatures vanquished.

Vanquished Creatures (collateral kills)
  A two-headed ogre (D:11)
  A yak (D:10)
  An orc warrior (D:11)
  A centaur (D:11)
  A gnoll sergeant (D:8)
  5 wights (D:8)
  A killer bee (D:8)
  A kobold (D:10)
  A foxfire (D:3)
13 creatures vanquished.

Vanquished Creatures (others)
  A yak zombie (D:10)
  A human zombie (D:10)
  4 centaur zombies (D:11)
  2 kobold zombies
  An orc wizard (D:3)
  A howler monkey zombie (D:10)
  A kobold (D:10)
  16 orc zombies
  669 foxfires
696 creatures vanquished.

Grand Total: 1041 creatures vanquished

Notes
Turn   | Place    | Note
-------+----------+-------------------------------------------
     0 | D:1      | Leszczynek the Vampire Fire Elementalist began the quest
                  | for the Orb.
     0 | D:1      | Reached XP level 1. HP: 13/13 MP: 3/3
   215 | D:1      | Reached skill level 3 in Fire Magic
   215 | D:1      | Reached XP level 2. HP: 19/19 MP: 1/5
   218 | D:1      | Learned a level 2 spell: Scorch
   374 | D:1      | Reached skill level 1 in Conjurations
   583 | D:1      | Found a faded altar of an unknown god.
   669 | D:1      | Reached skill level 1 in Fighting
   669 | D:1      | Gained mutation: You are afflicted with vampirism and can
                  | become a bat while bloodless. [Vampire growth]
   669 | D:1      | Reached XP level 3. HP: 24/26 MP: 2/6
   963 | D:2      | Found Ruev Oreo's Armour Emporium.
  1087 | D:2      | Reached skill level 2 in Conjurations
  1149 | D:2      | Bought a +0 pair of gloves for 58 gold pieces
  1220 | D:2      | Noticed a phantom
  1316 | D:2      | Reached XP level 4. HP: 32/32 MP: 2/7
  1642 | D:2      | Reached skill level 1 in Short Blades
  2144 | D:3      | Reached XP level 5. HP: 37/37 MP: 3/8
  2547 | D:3      | Noticed Sigmund
  2756 | D:3      | Reached skill level 3 in Conjurations
  2916 | D:4      | Noticed Blork the orc
  3038 | D:4      | Reached XP level 6. HP: 43/43 MP: 6/9
  3187 | D:4      | that's really not helping
  3322 | D:4      | Found a broken altar of Ashenzari.
  3322 | D:4      | Found a hazy altar of Hepliaklqana.
  3390 | D:4      | Reached skill level 4 in Fire Magic
  3400 | D:4      | Learned a level 4 spell: Flame Wave
  3574 | D:3      | Found a runed translucent door.
  3575 | D:3      | Noticed Crazy Yiuf
  3645 | D:5      | Entered Level 5 of the Dungeon
  3660 | D:5      | Reached skill level 1 in Necromancy
  3763 | D:5      | Reached skill level 2 in Necromancy
  3763 | D:5      | Reached XP level 7. HP: 48/48 MP: 6/10
  3767 | D:5      | Learned a level 3 spell: Vampiric Draining
  3795 | D:5      | Reached skill level 3 in Necromancy
  3955 | D:5      | Reached skill level 4 in Conjurations
  4054 | D:5      | Reached skill level 4 in Necromancy
  4563 | D:5      | Reached skill level 5 in Fire Magic
  4563 | D:5      | Reached XP level 8. HP: 54/54 MP: 7/11
  4569 | D:5      | Reached skill level 5 in Necromancy
  4633 | D:5      | Found a staircase to the Ecumenical Temple.
  4642 | Temple   | Entered the Ecumenical Temple
  4648 | Temple   | Became a worshipper of Kikubaaqudgha
  5023 | D:6      | Found a sand-covered staircase.
  5073 | Ossuary  | Entered an ossuary
  5486 | D:6      | Reached skill level 2 in Fighting
  5808 | D:6      | Reached * piety under Kikubaaqudgha
  5808 | D:6      | Received a gift from Kikubaaqudgha
  6547 | D:7      | Reached skill level 5 in Conjurations
  6624 | D:7      | Found Fosaif's General Store.
  6633 | D:7      | Bought 2 potions of heal wounds for 120 gold pieces
  6633 | D:7      | Bought a potion of lignification for 36 gold pieces
  6633 | D:7      | Bought a scroll of identify for 24 gold pieces
  6633 | D:7      | Bought a +0 helmet for 54 gold pieces
  6752 | D:7      | Found a flagged portal.
  6759 | D:7      | Reached skill level 3 in Fighting
  6807 | Bailey   | Entered a bailey
  6859 | Bailey   | Reached ** piety under Kikubaaqudgha
  6930 | Bailey   | Reached skill level 6 in Necromancy
  6939 | Bailey   | Reached XP level 9. HP: 51/64 MP: 10/12
  7007 | Bailey   | Reached skill level 1 in Staves
  7261 | Bailey   | Noticed a gargoyle
  7296 | Bailey   | Reached skill level 7 in Necromancy
  7325 | Bailey   | HP: 14/97 [gargoyle/+0 mace (15)]
  7327 | Bailey   | Killed a gargoyle
  7328 | Bailey   | Reached skill level 4 in Fighting
  7328 | Bailey   | Reached skill level 2 in Staves
  7328 | Bailey   | Reached skill level 3 in Spellcasting
  7455 | D:7      | Found a shimmering altar of Xom.
  7458 | D:7      | Noticed Joseph
  7469 | D:7      | Learned a level 4 spell: Animate Dead
  7564 | D:7      | Found a sacrificial altar of Ru.
  7645 | D:7      | Found Vohed's Armour Shoppe.
  8308 | D:8      | Reached skill level 8 in Necromancy
  8328 | D:8      | how the fuck does this work
  8349 | D:8      | oh
  8349 | D:8      | you need to cast animate dead first
  8349 | D:8      | it's like dchannel now
  8349 | D:8      | okay
  8349 | D:8      | wait, so what does death channel do
  8438 | D:8      | Reached skill level 3 in Staves
  8448 | D:8      | okay, dchan doesn't need corpses, I suppose
  8472 | D:8      | oh, that's the down side of adead
  8472 | D:8      | got it
  8579 | D:8      | Reached XP level 10. HP: 66/73 MP: 14/14
  8588 | D:8      | Reached skill level 5 in Fighting
  9107 | D:9      | Reached skill level 9 in Necromancy
  9114 | D:9      | Reached *** piety under Kikubaaqudgha
  9114 | D:9      | Received a gift from Kikubaaqudgha
  9254 | D:9      | Noticed Pikel
  9294 | D:9      | Killed Pikel
  9295 | D:9      | Reached skill level 1 in Earth Magic
  9349 | D:9      | Noticed Maggie
  9354 | D:9      | Your ally Pikel died
  9359 | D:9      | Killed Maggie
  9360 | D:9      | Reached skill level 3 in Dodging
  9410 | D:9      | Noticed Jeremiah
  9477 | D:9      | scorches a RANDOM foe, ohhhhh
  9477 | D:9      | thanks for nothing
  9489 | D:9      | fucking butterfly summoning frog
  9526 | D:9      | "50% to hit"
  9532 | D:9      | Killed Jeremiah
  9533 | D:9      | Reached skill level 2 in Earth Magic
  9595 | D:9      | uh
 10092 | D:10     | Entered Level 10 of the Dungeon
 10160 | D:10     | Reached skill level 4 in Spellcasting
 10160 | D:10     | Reached skill level 3 in Earth Magic
 10160 | D:10     | animate dead doesn't work sometimes?
 10160 | D:10     | or do i have to cast it before enemy is damaged?
 10160 | D:10     | oh, there's a chance
 10445 | D:10     | Reached skill level 4 in Staves
 10451 | D:10     | Noticed Psyche
 10476 | D:10     | Killed Psyche
 10478 | D:10     | Reached skill level 10 in Necromancy
 10483 | D:10     | Your ally Psyche died
 10502 | D:10     | Reached skill level 4 in Dodging
 10507 | D:10     | Reached skill level 4 in Earth Magic
 10527 | D:10     | Reached **** piety under Kikubaaqudgha
 10606 | D:10     | Noticed an oklob plant
 10612 | D:10     | Found a staircase to the Lair.
 10755 | D:10     | Noticed a two-headed ogre
 10929 | D:10     | Killed a two-headed ogre
 10930 | D:10     | Reached skill level 1 in Long Blades
 10930 | D:10     | Reached XP level 11. HP: 79/79 MP: 8/18
 10977 | D:10     | Noticed a centaur warrior
 10993 | D:10     | Killed a centaur warrior
 10994 | D:10     | Reached skill level 5 in Spellcasting
 10994 | D:10     | Reached skill level 5 in Earth Magic
 11086 | D:10     | Noticed Josephine
 11087 | D:10     | uhh
 11106 | D:9      | fuck off
 11155 | D:9      | Learned a level 5 spell: Borgnjor's Vile Clutch
 11219 | D:10     | Reached skill level 6 in Fire Magic
 11230 | D:10     | HP: 13/80 [orc priest/divine providence (9)]
 11557 | D:11     | Reached skill level 2 in Long Blades
 11580 | D:11     | HP: 13/80 [gargoyle/+0 mace (18)]
 11929 | D:11     | Reached skill level 6 in Earth Magic
 12184 | D:11     | Found a hide-covered altar of Uskayaw.
 12196 | D:11     | Reached skill level 3 in Long Blades
 12240 | D:11     | Noticed a two-headed ogre
 12247 | D:11     | Killed a two-headed ogre
 12248 | D:11     | Reached skill level 6 in Fighting
 12265 | D:11     | Identified the +6 quarterstaff "Oviopa Siuf" {venom, rPois
                  | rN+}
 12313 | D:11     | Noticed a two-headed ogre
 12328 | D:11     | Killed a two-headed ogre
 12394 | D:11     | Reached ***** piety under Kikubaaqudgha
 12528 | D:11     | Found a staircase to the Orcish Mines.
 12572 | Orc:1    | Entered Level 1 of the Orcish Mines
 12584 | D:11     | Reached skill level 4 in Long Blades
 13184 | Orc:2    | Entered Level 2 of the Orcish Mines
 13184 | Orc:2    | Noticed an ettin
 13185 | Orc:2    | right next to me
 13185 | Orc:2    | how is this fair again?
 13186 | Orc:2    | no, i don't get a free move
 13186 | Orc:2    | well, what now?
 13190 | Orc:2    | aren't you fucking slowed down what the fuck
 13190 | Orc:2    | why can you still make TWO pursuing attacks
 13192 | Orc:2    | wait, how does this slow work again?
 13196 | Orc:2    | Ouch! That really hurt!
 13196 | Orc:2    | Slain by an ettin

Illustrated notes ...# ###...# # ..#####.....####.## ### )....##......#.#..###... ......#......#.....#.... .....##................. ....[###......#.....[.. .....##.......#.....# .....##.............# ......#.........@...# ....##......#........# ...)#................# ......................# ....##...........##..## .....#.......#.... .## ...........#.#..#.. # #.#..........#..#### ###........... Turn 3187 on D:4: that's really not helping #...........+.<.# #.###.. #..........##...########...... #>.........##...'..yyy......#. #.......<..##...########†.#### #.##'#.........###............ #.##.#####.##### #.#.#y#...... #.##.............. #.y.#...... #.#########.###########....... #....|.......@yyy†....'....... #.#.#######.###########....... #.#.#..........# #....... #.#.#.######.#.# #....... ###.#.#.# .# .. .......# #...#'#.######## ... .......# #.#............ .. .......# #.#....######## . z....z# #.#....# Turn 8328 on D:8: how the fuck does this work .......+.<.# #.###..#..#.#.# ......##...########...........#.# ......##...'..yyy......#....)...# ...<..##...########†.############ #.........###............... #####.##### #.#.#y#......... ............. #.y.#......### ######.###########.......# |...........†ZZZ@'......... ######.###########.......### ..........# #.......# .######.#.# #........ .# .# .. .......## .######## ... .......# ........ .. .......# ######## . z....z# # Turn 8349 on D:8: oh ............ #...#......### #####.###########.).....##### ...........†....'............ #####.###########.......##### .........# #.......#### ######.#.########..........). # .# ...........)).###### ######## ........Z.....# ....... .......@Z.....# ####### ........Z.)[..# #...#+##......# #.# #....).# # ######## ######### .......<### Turn 8448 on D:8: okay, dchan doesn't need corpses, I suppose ....###................. ##### #.#.#.#.......... ....... #...#......### .###########.).....##### ......†....'............ .###########.......##### ....# #.......##### #.#.########..........). .#............Z@.###### ###...........Z...# .. ...............# ## ...........)[..# .#...#+##......# #.# #....).# # ######## Turn 8472 on D:8: oh, that's the down side of adead #.#.#.###.# #.'....† #...#..)..# ######....) ##.######## ..# #####' #.# #.# #... #.# #.# ##.## #.# ########.## #.... ##°####### #.........####.... #.b.b....# #.........#....... #.Fb.....#######@..........##.... #..b..b..#..bbFb.b.......####.... #...bb...'.#####.........# #.... #....b...### #.........# #.... #........# ###.####### ##### #........# #.# ######.### #.# #.. #.# .... #.# Turn 9477 on D:9: scorches a RANDOM foe, ohhhhh ###+##### #......## #.......## ##......' #.......'. #b'......# #.......## ##§.F#......# #.......## #######vv.# #......# #..[....# ..#...§.# #......# #.#.......# #.###.# #......# #.'....†).# #..)..# #@#######....)..# ####### #....# #####'### ####.# #...# #.# ##.###### ########.## #........ ###### #.........####........ b....# #....b....#........... .....#######bb.b.......##........ ..b..#..bbF....b.....####........ Turn 9489 on D:9: fucking butterfly summoning frog ..# #.##### ####.### ###+##### #......### #.......#### ###......'.# #.......'..# #.'......# #.......##.. ##§.F#......# #.......###. #####vv.# #......# #..[....# ## #...§.# #......# #.#.......# ###.# #...Fb@# #.'....†).# .)..# ####(#######....)..# ##### #....# #####'### ####.# #...# #.# ##.######## ########.## #.........# #### #....b....####.........# ...# #.........#............# ...#######.....F.....##.........# Turn 9526 on D:9: "50% to hit" ####### #.ooo.# #ooooo## #ooooo' ooooo ooo ... ####o# .. ###...@# ..# #...#### ####.### ##.######## #......# #...#.....# ###......' #.#.#.###.# #.'......# #.#.......###§.F#......# #.#########vv.# #......# #.#...#...§.# #......# #.#.#.###.# #...)..# Turn 9595 on D:9: uh ......# .....# ....# ... #.# #.######## ###......... #).......... #.@†..###### #..†#.# #####.# .# Y. .. Turn 10160 on D:10: animate dead doesn't work sometimes?

...#....#######.#.###.#######.#.#
###...#.#P...P#..##.#.# #.#.#
#####.#.###.#.#.#...# #.#.. ##.#
+!#.).#####.# #)###
##..#.###.#.##....# #....
#####...#P...P#....#..# #..+#
........#######.#.#.#.###+###.<..
...........W....#.#.#............
........##.#@.##@##..####.##.....
........#.###.#.#.#.##..)####....
..........#####.#.#####..........
........#..###.#.#...#.#.#.##..).
........#.#..#..#.#..####.#.#....
.[.......#..##...#.#..........###
.........#..#.....#.#.#######.#
.........#.#.#..#.#.#.# #.#
............##.##...#.# #.#


Turn 11087 on D:10: uhh ######### #.....#.# ############ #.###.#.# #..........#
#.......# #[........%# #######.# .....).....#####<....#.#
#..........#....@#.###.# #..........'.###.#.#...# #....[.....### #.#.#.###
#.....(....# #.#.....# #######'#### ###.##### #..# #..# ######'#### #####'### #
#.........# #.......# ###.........###...)...# Turn 11106 on D:9: fuck off
#..#... ....... ....... ....... ##....... ## ##...... #...#....## #.....@...#
#....C.<..# ###.........# #.........# ##...#....# #####...... .....$ #.#... Turn
13185 on Orc:2: right next to me .##... #..#... ....... ....... .......
##....... ## ##......# #...#.@..## #.....C...# #......<..# ###.........#
#.........# ##...#....# #####...... .....$ #.#... Turn 13186 on Orc:2: no, i
don't get a free move .. ## <.. .##.... ##..#.... ##........ ###.........
#..@........ ####........ ## ##.C....##. #...#....#### #.....<...# #......<..#
###.........# #.........# ##...#....# Turn 13190 on Orc:2: aren't you fucking
slowed down what the fuck .. ### <... #.##....# ##..#..... ##.@.......
###.......... #....C....... ####......... ## ##......##.. #...#....#### #
#.....<...# #......<..# ###.........# Turn 13192 on Orc:2: wait, how does this
slow work again?

Levels and vault maps discovered:
D:1:      grunt_arrival_crossed_arrows, layout_loops_ring,
          chequers_ecumenical_altar_island, serial_park_tiny_1
D:2:      layout_basic, serial_shops, nicolae_shop_scrapyard, st_stairs_5,
          minmay_misc_feat_tiny, moated_statue
D:3:      layout_basic, st_stairs_13, uniq_crazy_yiuf_cottage, uniq_sigmund
D:4:      layout_cave_pools, nicolae_overflow_two_pavilions, uniq_blork_the_orc
D:5:      minmay_chambers_of_fours, layout_basic, minmay_temple_entry_poolview,
          chequers_mini_garden
D:6:      layout_basic, gup_ossuary_entry_pyramid
D:7:      layout_rooms, old_standard_altar, hangedman_ru_absence,
          lightli_bailey_entry_fortress, serial_shops, shop_fountains,
          nicolae_shop_waterfront, serial_bayou_pond_c, uniq_joseph
D:8:      layout_basic
D:9:      layout_roguey [special_room_orc], uniq_maggie, uniq_pikel,
          uniq_jeremiah
D:10:     layout_basic, dpeg_oklobed_lair, minmay_shattered_shrine,
          uniq_josephine, uniq_psyche
D:11:     layout_rooms, erik_orc_2, dk_noncrumbling_3,
          eat_drink_and_be_merry_uskayaw
Temple:   eino_narrow_crystal_temple
Orc:1:    layout_diamond_mine, nicolae_volcano_entry_batcave,
          nicolae_shop_vocational, uniq_jorgrun
Orc:2:    st_orc_open, layout_diamond_mine

Skill      XL: |  1  2  3  4  5  6  7  8  9 10 11 |
---------------+----------------------------------+-----
Fire Magic     | 3 4 5 6 |  6.0
Conjurations   | 1 2 3 4 5 |  5.1
Fighting       | 1 3 4 5 6 |  6.2
Short Blades   | 1 |  1.1
Necromancy     | 2 4 6 8 10 | 10.8
Staves         | 3 4 |  4.0
Spellcasting   | 3 4 5 |  5.3
Earth Magic    | 4 6 |  6.9
Dodging        | 4 |  4.0
Long Blades    | 1 4 |  4.2
Stealth        | |  3.0

Action                     |  1- 3 |  4- 6 |  7- 9 | 10-12 || total
---------------------------+-------+-------+-------+-------++-------
  Melee: Dagger            |    31 |     6 |       |       ||    37
         Punch             |     1 |       |       |       ||     1
         Bite              |     3 |     2 |    15 |    30 ||    50
         Quarterstaff      |       |    29 |   203 |   292 ||   524
  Throw: Dart              |       |       |       |     6 ||     6
   Cast: Foxfire           |    54 |   104 |   159 |    98 ||   415
         Scorch            |       |     5 |    19 |    31 ||    55
         Vampiric Draining |       |       |     4 |    12 ||    16
         Animate Dead      |       |       |     3 |     8 ||    11
         Flame Wave        |       |       |     1 |     8 ||     9
         Borgnjor's Vile C |       |       |       |     4 ||     4
 Invoke: Unearth Wretches  |       |       |     1 |       ||     1
         Torment           |       |       |       |     1 ||     1
    Use: Scroll            |       |     5 |    19 |     3 ||    27
         Potion            |       |     1 |     3 |     3 ||     7
   Stab: Sleeping          |     2 |     4 |     1 |       ||     7
         Distracted        |       |       |     1 |     3 ||     4
         Paralysed         |       |       |     1 |       ||     1
 Armour: Robe              |    22 |    39 |   201 |   262 ||   524
         Skin              |       |       |    19 |       ||    19
  Dodge: Dodged            |    22 |    44 |   154 |   193 ||   413
  Block: Other             |       |       |    35 |    75 ||   110
         Reflection        |       |       |     1 |     8 ||     9
